 Dungeon Crawl Stone Soup version 0.23.3 (webtiles) character file.

Game seed: 2952285664240622636

8852 Fukker the Pandemonic (level 11, -12/130 HPs)
             Began as a Demonspawn Chaos Knight on Apr 6, 2020.
             Was a High Priest of Makhleb.
             Mangled by an orc warrior
             ... wielding a +0 halberd
              (13 damage)
             ... on level 9 of the Dungeon.
             The game lasted 00:26:12 (7565 turns).

Fukker the Pandemonic (Demonspawn Chaos Knight)     Turns: 7565, Time: 00:26:13

Health: -12/130    AC: 13    Str: 26    XL:     11   Next: 15%
Magic:  17/17      EV: 15    Int: 13    God:    Makhleb [*****.]
Gold:   551        SH:  0    Dex: 13    Spells: 10/10 levels left

rFire    . . .     SeeInvis +   H - +6 flail "Doatoad" {crush, rElec}
rCold    + . .     Gourm    .   (no shield)
rNeg     . . .     Faith    .   b - +2 leather armour
rPois    .         Spirit   .   (no helmet)
rElec    +         Reflect  .   C - +2 cloak
rCorr    .         Harm     .   n - +0 pair of gloves
MR       .....                  (boots unavailable)
Stlth    ..........             W - amulet of regeneration
HPRegen  1.11/turn              r - +5 ring of strength
MPRegen  0.15/turn              J - ring of see invisible

@: berserking (expiring), very quick
A: talons 3, slimy green scales 2, blink, blurry vision 1, cold resistance 1,
foul stench 1, nightstalker 1, regeneration 1, rot immunity, MP-powered wands
a: Blink, Minor Destruction, Lesser Servant of Makhleb, Major Destruction,
Greater Servant of Makhleb, Renounce Religion


You were on level 9 of the Dungeon.
You worshipped Makhleb.
Makhleb was extremely pleased with you.
You were not hungry.

You visited 1 branch of the dungeon, and saw 9 of its levels.
You also visited: Ossuary.

You collected 551 gold pieces.

Inventory:

Hand Weapons
 a - a +1 falchion of chaos
 H - the +6 flail "Doatoad" (weapon) {crush, rElec}
   (You found it on level 6 of the Dungeon)

   It inflicts extra damage upon your enemies.
   It insulates you from electricity.
Missiles
 e - 133 sling bullets
 g - 400 stones (quivered)
 p - 165 arrows
 y - 14 bolts
 z - 43 poisoned needles
 A - 2 tomahawks
Armour
 b - a +2 leather armour (worn)
 l - a +2 large shield
 n - a +0 pair of gloves (worn)
 o - a +0 pair of boots of flying
 C - a +2 cloak (worn)
Jewellery
 r - a +5 ring of strength (left hand)
 B - an uncursed amulet of the gourmand
 E - an uncursed amulet of rage
 J - a ring of see invisible (right hand)
 P - an uncursed ring of ice
 W - an amulet of regeneration (around neck)
Wands
 D - a wand of polymorph (12)
 M - a wand of flame (10)
 N - a wand of random effects (17)
 O - a wand of paralysis (11)
 T - a wand of disintegration (10)
 U - a wand of scattershot (8)
Scrolls
 h - 4 scrolls of teleportation
 i - 3 scrolls of fog
 j - 5 scrolls of amnesia
 q - 3 scrolls of immolation
 s - 7 scrolls of remove curse
 t - a scroll of blinking
 w - 2 scrolls of fear
 K - 2 scrolls of enchant armour
 L - 3 scrolls of magic mapping
 Q - a scroll of silence
 R - 2 scrolls of acquirement {unknown}
 V - a scroll of vulnerability
Potions
 d - 4 potions of curing
 f - 3 potions of ambrosia {unknown}
 k - 2 potions of flight {unknown}
 m - 5 potions of lignification {unknown}
 u - a potion of heal wounds
 v - a potion of berserk rage
 x - a potion of might
 F - a potion of mutation {unknown}
 G - 2 potions of haste
 I - a potion of resistance
Comestibles
 c - 15 rations


   Skills:
 + Level 8.8 Fighting
 + Level 8.8 Long Blades
 - Level 5.1 Maces & Flails
 - Level 0.2 Throwing
 + Level 5.1 Armour
 + Level 6.1 Dodging
 * Level 9.0 Invocations


You had 10 spell levels left.
You didn't know any spells.
Your spell library contained the following spells:

 Spells                   Type           Power        Failure   Level  Hunger
 Corona                   Hex            #......      34%         1    ##.....
 Flame Tongue             Conj/Fire      #....        34%         1    ##.....
 Magic Dart               Conj           #...         34%         1    ##.....
 Blink                    Tloc           N/A          45%         2    ###....
 Call Imp                 Summ           #.......     45%         2    ###....
 Ensorcelled Hibernation  Hex/Ice        #.....       45%         2    ###....
 Slow                     Hex            #.......     45%         2    ###....
 Confuse                  Hex            #.......     71%         3    ####...
 Conjure Flame            Conj/Fire      #.......     71%         3    ####...
 Dazzling Spray           Conj/Hex       #.....       71%         3    ####...
 Mephitic Cloud           Conj/Pois/Air  #.......     71%         3    ####...
 Tukima's Dance           Hex            #.......     71%         3    ####...
 Cause Fear               Hex            #.........   98%         4    #####..
 Bolt of Fire             Conj/Fire      #.........   100%        6    #######
 Dragon Form              Tmut           #.........   100%        7    #######
 Dragon's Call            Summ           #.........   100%        9    #######


Dungeon Overview and Level Annotations

Branches:
Dungeon (9/15)             Temple (0/1) D:5            Lair (0/6) D:8
    Orc (0/2) D:9

Altars:
Ashenzari
Cheibriados
Dithmenos
Fedhas
Kikubaaqudgha
Makhleb
Nemelex Xobeh
Qazlal
Ru
Sif Muna
Trog
Uskayaw
Xom


Innate Abilities, Weirdness & Mutations

You have claws for feet.
You are mostly covered in slimy green scales. (AC +3)
You may emit foul miasma when damaged in melee.
You are slightly more attuned to the shadows.
You are immune to rotting.
You can translocate small distances at will.
Scrolls take you a little longer to read.
Your flesh is cold resistant. (rC+)
Your natural rate of healing is unusually fast.
You expend magic power (3 MP) to strengthen your wands.


Message History

The orc warrior hits you but does no damage.
You sock the troll! You claw the troll!
You kill the troll!
Makhleb accepts your kill.
Your Invocations skill increases to level 9!
The orc hits you but does no damage.
The orc looks sick.
The orc warrior hits you with a +0 halberd.
* * * LOW HITPOINT WARNING * * *
The orc warrior looks sick.
The gnoll closely misses you.
Items here: ( ))) [[ †† You hit the orc warrior.
You claw the orc warrior, but do no damage.
The orc warrior is lightly wounded.
The orc barely misses you.
You barely miss the orc warrior.
The orc warrior is lightly wounded.
The gnoll hits you from afar with a +0 spear of piercing.
* * * LOW HITPOINT WARNING * * *
x2 The orc warrior hits you with a +0 halberd!
You die...

#........#.......####.#.###
##.##..##........##.......#.#
.............#.#.###.######..
#.###.##......#.# #.#.## ####
#.# #.#####.....# #..#.# #.#
#.#####.##### ###.##
##.###.......# #.#
#.......##..##########.#
#.......##(..)@o....##.#
#.##.#..##..###o###.##.#
#.##.#..##..# .go8#....#
#.##.#..##..#gTgo.##.###
#.##.#..#####g.o..##.#
#.......# #.O...##.#
####.#### #8...8##.# ####.###
###########.# #......#
#.).......#.#


You could see an orc warrior, 2 gnolls and 4 orcs.

Vanquished Creatures
  A two-headed ogre (D:9)
  A troll (D:9)
  A human (D:7)
  4 hogs (D:7)
  4 yaks (D:9)
  Eustachio (D:7)
  2 water moccasins
  4 porcupines (D:8)
  2 black bears
  5 orc warriors
  4 ice beasts
  A hornet zombie (D:9)
  10 ogres
  2 necrophages
  4 centaurs
  2 crocodiles
  3 big kobolds
  7 bullfrogs
  2 gnoll sergeants (D:9)
  A wyvern skeleton (D:8)
  A water moccasin skeleton (D:8)
  7 scorpions
  3 killer bees (D:7)
  2 wights (D:7)
  2 howler monkeys
  2 bullfrog zombies (D:7)
  3 jellies
  3 crimson imps
  A human zombie (Ossuary)
  A centaur skeleton (D:4)
  5 orc priests
  3 centaur zombies
  11 hounds
  A bullfrog skeleton (D:8)
  An iguana (D:5)
  6 worker ants
  7 orc wizards
  A hound zombie (D:5)
  2 hound skeletons (D:7)
  5 mummies (Ossuary)
  A howler monkey skeleton (D:6)
  5 adders
  4 gnolls (D:5)
  3 shadow imps
  An ooze (D:7)
  A worm zombie (D:5)
  An adder skeleton (D:4)
  2 worms
  2 dart slugs
  5 leopard geckos
  33 orcs
  3 ball pythons
  3 giant cockroaches
  A gnoll zombie (Ossuary)
  4 goblins
  5 hobgoblins
  9 jackals
  13 kobolds
  5 quokkas
  5 bats
  5 frilled lizards
  A hobgoblin zombie (Ossuary)
  A jackal zombie (D:5)
  A leopard gecko zombie (D:5)
  3 orc zombies (Ossuary)
  4 rats (D:1)
249 creatures vanquished.

Vanquished Creatures (collateral kills)
  2 orc warriors (D:6)
  2 ogres
  A gnoll sergeant (D:9)
  2 orcs (D:6)
7 creatures vanquished.

Vanquished Creatures (others)
  17 fungi (D:8)
  2 plants (D:8)
19 creatures vanquished.

Grand Total: 275 creatures vanquished

Notes
Turn   | Place    | Note
-------+----------+-------------------------------------------
     0 | D:1      | Fukker the Demonspawn Chaos Knight began the quest for the
                  | Orb.
     0 | D:1      | Reached XP level 1. HP: 18/18 MP: 1/1
    20 | D:1      | XOM: harmless Tloc miscast
    36 | D:1      | Gained mutation: You have sharp toenails. [demonic
                  | ancestry]
    36 | D:1      | Reached XP level 2. HP: 21/24 MP: 2/2
   262 | D:1      | XOM: give mutations
   262 | D:1      | Gained mutation: You can translocate small distances at
                  | will. [Xom's grace]
   262 | D:1      | Gained mutation: You expend magic power (3 MP) to
                  | strengthen your wands. [Xom's grace]
   538 | D:2      | Reached XP level 3. HP: 29/29 MP: 3/3
   734 | D:2      | Found a burning altar of Makhleb.
   734 | D:2      | Noticed a blizzard demon
   737 | D:2      | Noticed an orange demon
   737 | D:2      | Noticed a hellwing
   739 | D:2      | Fell from the grace of Xom
   739 | D:2      | Became a worshipper of Makhleb the Destroyer
   815 | D:2      | XOM: mild Ice miscast
   840 | D:2      | XOM: medium Conj miscast
  1286 | D:3      | Gained mutation: You are immune to rotting. [demonic
                  | ancestry]
  1286 | D:3      | Reached XP level 4. HP: 35/35 MP: 4/4
  1381 | D:3      | XOM: give mutations
  1381 | D:3      | Gained mutation: Scrolls take you a little longer to read.
                  | [Xom's mischief]
  1381 | D:3      | Gained mutation: You are frail. (-10% HP) [Xom's mischief]
  1455 | D:3      | Found a shadowy altar of Dithmenos.
  1638 | D:3      | XOM: medium Tloc miscast
  1722 | D:3      | XOM: give mutation
  1722 | D:3      | Lost mutation: You are frail. (-10% HP) [Xom's mischief]
  2034 | D:3      | XOM: torment (19/35 hp)
  2048 | D:3      | XOM: enchant monster (bad)
  2103 | D:3      | Reached skill level 5 in Long Blades
  2347 | D:4      | Gained mutation: You are slightly more attuned to the
                  | shadows. [demonic ancestry]
  2347 | D:4      | Reached XP level 5. HP: 37/41 MP: 5/5
  2459 | D:4      | Reached * piety under Makhleb
  2497 | D:4      | Reached skill level 1 in Invocations
  2602 | D:4      | Gained mutation: You have razor-sharp toenails. [demonic
                  | ancestry]
  2602 | D:4      | Reached XP level 6. HP: 40/47 MP: 5/7
  2704 | D:4      | XOM: god gift: scroll labeled ALE SECOARCH {god gift}
  3104 | D:5      | Entered Level 5 of the Dungeon
  3222 | D:5      | Noticed a +0 dagger
  3223 | D:5      | Noticed a +0 hand axe
  3225 | D:5      | Found a hide-covered altar of Uskayaw.
  3239 | D:5      | Found a sparkling altar of Nemelex Xobeh.
  3239 | D:5      | Found a bloodstained altar of Trog.
  3240 | D:5      | Found a stormy altar of Qazlal.
  3251 | D:5      | Reached skill level 2 in Invocations
  3319 | D:5      | Gained mutation: You are partially covered in slimy green
                  | scales. (AC +2) [demonic ancestry]
  3319 | D:5      | Reached XP level 7. HP: 43/52 MP: 7/9
  3355 | D:5      | Reached skill level 3 in Invocations
  3360 | D:5      | Found a staircase to the Ecumenical Temple.
  3367 | D:5      | Found a sand-covered staircase.
  3385 | Ossuary  | Entered an ossuary
  3527 | Ossuary  | XOM: noise
  3548 | Ossuary  | Reached ** piety under Makhleb
  3991 | D:5      | Found a snail-covered altar of Cheibriados.
  4039 | D:5      | Reached skill level 4 in Invocations
  4161 | D:5      | XOM: give mutation
  4161 | D:5      | Gained mutation: You have claws for feet. [Xom's mischief]
  4340 | D:5      | XOM: give mutations
  4340 | D:5      | Gained mutation: Your flesh is cold resistant. (rC+) [Xom's
                  | grace]
  4340 | D:5      | Gained mutation: Your natural rate of healing is unusually
                  | fast. [Xom's grace]
  4495 | D:6      | Got a steaming flail
  4496 | D:6      | Identified the +6 flail "Doatoad" {crush, rElec} (You found
                  | it on level 6 of the Dungeon)
  4600 | D:6      | Reached skill level 5 in Invocations
  4600 | D:6      | Gained mutation: You are mostly covered in slimy green
                  | scales. (AC +3) [demonic ancestry]
  4600 | D:6      | Reached XP level 8. HP: 58/58 MP: 11/11
  4657 | D:6      | Reached skill level 1 in Maces & Flails
  4657 | D:6      | Reached skill level 6 in Invocations
  4688 | D:6      | Reached skill level 7 in Invocations
  4811 | D:6      | Reached *** piety under Makhleb
  4811 | D:6      | Reached skill level 1 in Dodging
  4992 | D:6      | Reached XP level 9. HP: 63/64 MP: 14/14
  5386 | D:7      | Noticed Eustachio
  5406 | D:7      | Killed Eustachio
  5407 | D:7      | XOM: medium Air miscast
  5448 | D:7      | XOM: 2-stop teleportation journey
  5557 | D:7      | Reached skill level 5 in Maces & Flails
  5590 | D:7      | XOM: enchant monster (bad)
  5713 | D:7      | XOM: noise
  5775 | D:7      | Reached **** piety under Makhleb
  5775 | D:7      | Reached skill level 5 in Fighting
  5777 | D:7      | XOM: harmless Summ miscast
  5921 | D:7      | Gained mutation: You may emit foul miasma when damaged in
                  | melee. [demonic ancestry]
  5921 | D:7      | Reached XP level 10. HP: 54/74 MP: 15/15
  6256 | D:7      | Found an ancient bone altar of Kikubaaqudgha.
  6402 | D:7      | Reached skill level 5 in Dodging
  6480 | D:8      | Found a shattered altar of Ashenzari.
  6535 | D:8      | Found a staircase to the Lair.
  6693 | D:8      | XOM: noise
  6718 | D:8      | XOM: noise
  6734 | D:8      | Found a blossoming altar of Fedhas.
  6843 | D:8      | Found a deep blue altar of Sif Muna.
  6843 | D:8      | Found a shimmering altar of Xom.
  6907 | D:8      | XOM: scenery: create altars
  6919 | D:8      | Reached ***** piety under Makhleb
  7150 | D:9      | Noticed a two-headed ogre
  7156 | D:9      | Killed a two-headed ogre
  7203 | D:9      | Found a sacrificial altar of Ru.
  7233 | D:9      | Reached skill level 5 in Armour
  7233 | D:9      | Reached skill level 8 in Invocations
  7233 | D:9      | XOM: noise
  7238 | D:9      | Reached XP level 11. HP: 87/87 MP: 15/17
  7510 | D:9      | Found a staircase to the Orcish Mines.
  7562 | D:9      | Reached skill level 9 in Invocations
  7563 | D:9      | HP: 5/130 [orc warrior/+0 halberd (6)]
  7565 | D:9      | HP: 2/130 [gnoll/+0 spear of piercing (4)]
  7565 | D:9      | Mangled by an orc warrior

Skill      XL: |  1  2  3  4  5  6  7  8  9 10 11 |
---------------+----------------------------------+-----
Long Blades    | 3 4 5 6 8 |  8.8
Invocations    | 1 2 5 7 8 9 |  9.0
Maces & Flails | 3 5 |  5.1
Dodging        | 1 4 6 |  6.1
Armour         | 2 3 5 |  5.1
Fighting       | 5 8 |  8.8
Throwing       | |  0.2

Action                   |  1- 3 |  4- 6 |  7- 9 | 10-12 || total
-------------------------+-------+-------+-------+-------++-------
Melee: Falchion          |    81 |   175 |   104 |       ||   360
       Kick              |     3 |       |    64 |    62 ||   129
       Flail             |       |       |   186 |   195 ||   381
Throw: Stone             |     3 |     2 |     3 |       ||     8
       Tomahawk          |       |     3 |     1 |       ||     4
Invok: Minor Destruction |       |       |    51 |    49 ||   100
       Lesser Servant of |       |       |     2 |     1 ||     3
Evoke: Wand              |       |       |       |     1 ||     1
  Use: Scroll            |       |     6 |    15 |     3 ||    24
       Potion            |       |     1 |     1 |     2 ||     4
 Stab: Paralysed         |     2 |     6 |       |       ||     8
       Sleeping          |       |     4 |     5 |     1 ||    10
       Petrified         |       |     3 |       |       ||     3
       Distracted        |       |       |     1 |     1 ||     2
  Eat: Chunk             |       |     5 |     8 |     6 ||    19
       Ration            |       |     1 |       |       ||     1
Armor: Leather armour    |    38 |    59 |   111 |    67 ||   275
Dodge: Dodged            |    52 |    86 |   138 |   135 ||   411
       Rpst.: Falchion   |    18 |    20 |    10 |       ||    48
